 Dungeon Sprint DCSS version 0.24-a0-640-ge7cd8ce796 (webtiles) character file.

Game seed: 3819327171011476831, levelgen mode: deterministic

107 FMitz the Bolt Thrower (level 4, 0/41 HPs)
             Began as a Centaur Hunter on Sept 25, 2019.
             Slain by Sigmund
             ... wielding a +0 scythe
              (10 damage)
             ... in the Dungeon (Sprint I: "Red Sonja").
             The game lasted 00:02:50 (376 turns).

FMitz the Bolt Thrower (Centaur Hunter)              Turns: 376, Time: 00:02:51

Health: 0/41       AC:  4    Str: 15    XL:     4   Next: 56%
Magic:  4/4        EV: 10    Int: 10    God:
Gold:   54         SH:  0    Dex: 10    Spells: 3/3 levels left

rFire    . . .     SeeInvis .   a - +1 hand crossbow
rCold    . . .     Gourm    .   (no shield)
rNeg     . . .     Faith    .   c - +0 leather armour
rPois    .         Spirit   .   (no helmet)
rElec    .         Reflect  .   (no cloak)
rCorr    .         Harm     .   (no gloves)
MR       .....     NoTele   +   (no barding)
Stlth    +.........             (no amulet)
HPRegen  0.13/turn              (no ring)
MPRegen  0.09/turn              (no ring)

@: very quick
A: large, hooves 3, deformed body, speed 2, tough skin 3
a: no special abilities


You were in the Dungeon.
You were not hungry.

You visited 1 branch You collected 54 gold pieces.

Inventory:

Hand Weapons
 a - a +1 hand crossbow (weapon)
 b - a +0 short sword
Missiles
 d - 14 bolts (quivered)
Armour
 c - a +0 leather armour (worn)
Wands
 l - a wand of random effects (22)
Scrolls
 k - a scroll of blinking
Potions
 e - a potion of curing
 g - a potion of heal wounds
 h - a potion of haste
 i - 2 potions of magic
 j - a potion of berserk rage
Comestibles
 f - a ration


   Skills:
 + Level 4.9 Fighting
 + Level 6.6 Crossbows
 + Level 3.2 Armour
 + Level 3.6 Dodging
 - Level 0.4 Stealth


You had 3 spell levels left.
You didn't know any spells.
Your spell library was empty.

Dungeon Overview and Level Annotations

Branches:
Dungeon (1/1)

Altars:

Annotations:
D Sigmund


Innate Abilities, Weirdness & Mutations

You have hooves in place of feet.
Armour fits poorly on your strangely shaped body.
You cover ground very quickly.
You have extremely tough skin. (AC +3)


Message History

You shoot a bolt.
Firing (i - inventory)
d - 16 bolts (quivered)
Press: ? - help, Shift-Dir - straight line You shoot a bolt.
Something hits you but does no damage.
Firing (i - inventory)
d - 15 bolts (quivered)
Press: ? - help, Shift-Dir - straight line You shoot a bolt.
Something hits you!
Things that are here:
a +0 giant club; an ogre corpse
There is a fountain of clear blue water here.
There is a fountain of clear blue water here.
There is a fountain of clear blue water here.
Something hits you!
There is a fountain of clear blue water here.
Something hits you!
* * * LOW HITPOINT WARNING * * *
Things that are here:
a +0 dagger; a +0 scale mail; the goblin skeleton of Ijyb Something hits you!
You die...

########## ##
#<.#(('..#.{+
#..'..#..'..#
#.@#####'####
#..# #..#
#{)# ####
#).# #⌠⌠#
####


There were no monsters in sight!

Vanquished Creatures
  An ogre (D)
  Ijyb (D)
2 creatures vanquished.

Notes
Turn   | Place    | Note
-------+----------+-------------------------------------------
     0 | D        | FMitz the Centaur Hunter began the quest for the Orb.
     0 | D        | Reached XP level 1. HP: 17/17 MP: 1/1
     1 | D        | Noticed Ijyb
    45 | D        | Killed Ijyb
    45 | D        | Reached skill level 5 in Crossbows
    45 | D        | Reached skill level 1 in Armour
    45 | D        | Reached XP level 2. HP: 4/26 MP: 2/2
   315 | D        | Noticed an ogre
   326 | D        | Killed an ogre
   326 | D        | Reached skill level 6 in Crossbows
   326 | D        | Reached XP level 3. HP: 35/35 MP: 3/3
   326 | D        | Reached XP level 4. HP: 41/41 MP: 4/4
   351 | D        | Noticed Sigmund
   376 | D        | Slain by Sigmund

Levels and vault maps discovered:
D:        dungeon_sprint_1 [red_sonja_temple_1, red_sonja_temple_small_1]

Skill      XL: |  1  2 |
---------------+-------+-----
Fighting       | 3 4 |  4.9
Crossbows      | 5 6 |  6.6
Armour         | 1 3 |  3.2
Dodging        | 2 3 |  3.6
Stealth        | |  0.4

Action                   |  1- 3 |  4- 6 || total
-------------------------+-------+-------++-------
 Fire: Hand crossbow     |    23 |     3 ||    26
Armor: Leather armour    |     9 |     1 ||    10
Dodge: Dodged            |     8 |       ||     8

Table legend:
 A = Non-vault XP
 B = Vault XP
 C = Vault XP percentage of total XP
 D = Non-vault monster count
 E = Vault monster count
 F = Vault count percentage of total count
                 A         B        C        D         E       F
            +---------+---------+-------+---------+---------+-------
      Total |       0 |     153 | 100.0 |       0 |       2 | 100.0
            +---------+---------+-------+---------+---------+-------
          D |       0 |     153 | 100.0 |       0 |       2 | 100.0
            +---------+---------+-------+---------+---------+-------
